cohdb
Replays
Latest Replays
All Replays
Popular Replays
Top Player Replays
Match Explorer
How It Works
Community
CoH3 Stats
Reddit
Sign in to upload your games and track your stats! →
Sign in with Steam
Match 41424774
Unlisted
Match 41424774
Overview
Messages
Build Orders
End
Royal Engineer Section
Selects Air and Sea Battlegroup
Construct Section Command Post
Dingo Light Scout Car
Infantry Section
Infantry Section
Construct Platoon Command Post
Selects Supply Surplus
Construct Field Infirmary
Construct Company Command Post
Selects UNKNOWN (223837)
Construct Resource Cache
Forward Retreat Point
Centaur IV Medium Tank
Selects Commando Section Paradrop
Selects Commando Support Section Paradrop
Infantry Training
Vickers Machine Gun Team
Matilda II Heavy Tank
Armored Vehicle Training
Construct Resource Cache
Commando Section Paradrop
Unlock Towed 17-pounder Anti-tank Guns
Team Weapon Training
Matilda II Heavy Tank
Selects Naval Bombardment
BloodSpark
Cons01
Pat216
Agent-S
Humiyuppie
Michel-®
Epithancev
Liamster
0
0
Comments
sign in to comment!
No comments posted yet!